[Event "*** Titled Tuesday Blitz"]
[Site "Chess.com"]
[Date "2021.03.30"]
[Round "11"]
[White "lucachess49"]
[Black "Eloist"]
[Result "1-0"]
[WhiteElo "2443"]
[BlackElo "2345"]
[TimeControl "180+1"]
[EndTime "12:09:03 PDT"]
[Termination "lucachess49 won by resignation"]

1. d4 e6 2. c4 Nf6 3. Nc3 Bb4 4. e3 O-O 5. Ne2 c6 6. a3 Ba5 7. Qc2 d5 8. Ng3 Nbd7 9. Be2 dxc4 10. Bxc4 e5 11. O-O exd4 12. exd4 Nb6 13. Ba2 Nbd5 14. Bg5 Be6 15. Rae1 h6 16. Bxf6 Qxf6 17. Bb1 g6 18.
f4 Qxd4+ 19. Kh1 Nxc3 20. Rxe6 Nxb1 21. Re4 Qd5 22. Qxb1 Rfe8 23. f5 Rxe4 24. Nxe4 Kg7 25. fxg6 fxg6 26. Nf6 Qe5 27. Ng4 Qe6 28. h3 Rf8 29.
Rxf8 Kxf8 30. Nxh6 Qe1+ 31. Qxe1 Bxe1 32. Ng4 Bd2 33.
b3 Bc1 34. a4 b5 35. Kg1 a5 36. Kf1 Bb2 37. Ke2 Ke7 38. Kd3 Kd6 39. Nf2 Bf6 40.
Ne4+ Ke6 41. Nxf6 Kxf6 42. Kd4 bxa4 43. bxa4 Kf5 44. g3 Kg5 45. Kc5 Kf5 46. Kxc6 Ke4 47. Kb5 Kf3 48. Kxa5 Kxg3 49. Kb5 Kxh3 50. a5 g5 51. a6 g4 52. a7 g3 53. a8=Q g2 54. Qf3+ Kh2 55. Qh5+ Kg1 56. Kc4 1-0

[Event "*** Titled Tuesday Blitz"]
[Site "Chess.com"]
[Date "2021.03.30"]
[Round "11"]
[White "comsac"]
[Black "MasterMK73"]
[Result "0-1"]
[WhiteElo "2358"]
[BlackElo "2275"]
[TimeControl "180+1"]
[EndTime "12:09:03 PDT"]
[Termination "MasterMK73 won by resignation"]

1. e4 c5 2. c3 g6 3. d4 cxd4 4. cxd4 d5 5. e5 Nc6 6. Nf3 Bg4 7. Be3 Bxf3 8. Qxf3 Nh6 9. Nc3 e6 10. Bd3 Bg7 11. O-O O-O 12. Rfd1 f6 13. exf6 Rxf6 14.
Qh3 Nf5 15. Bg5 Ncxd4 16. Bxf6 Qxf6 17. Re1 Rf8 18. f3 Nc6 19. Bxf5 gxf5 20. Qg3 Nd4 21. Rad1 f4 22. Qf2 b6 23. Kh1 Nf5 24. Qe2 d4 25.
Ne4 Qh6 26. Kg1 Kh8 27. Qc4 Rg8 28. Re2 Ne3 29. Rxd4 Nxc4 30. Rxc4 e5 31. Rec2 Qg6 32. Rc6 Qe8 33. Rc7 Qd8 34. R7c3 Qd4+ 35. Kf1 h6 36. Rd2 Qb4 37. Rb3 Qc4+ 38. Kf2 Bf8 39. Rc3 Qb4 40. a3 Qb5 41. Rc7 Bc5+ 42. Nxc5 bxc5 43. Rdd7 Qxb2+ 44. Kf1 Qxg2+ 45. Ke1 Qg1+ 46. Kd2 Qe3+ 47. Kd1 Rg1+ 48. Kc2 Rc1+ 49. Kb2 Qc3+ 0-1

[Event "*** Titled Tuesday Blitz"]
[Site "Chess.com"]
[Date "2021.03.30"]
[Round "11"]
[White "chessmadara"]
[Black "BozeKat"]
[Result "1/2-1/2"]
[WhiteElo "2180"]
[BlackElo "2038"]
[TimeControl "180+1"]
[EndTime "12:09:05 PDT"]
[Termination "Game drawn by repetition"]

1. e4 c6 2. d4 d5 3. exd5 cxd5 4. Bd3 Nf6 5. c3 Bg4 6. Ne2 Nc6 7. Bf4 e6 8. O-O Bd6 9. Bxd6 Qxd6 10. h3 Bh5 11. Na3 a6 12. Nc2 O-O 13. Ne3 b5 14. Qc2 b4 15.
Ng3 Bg6 16. Ng4 Nxg4 17. hxg4 Bxd3 18. Qxd3 bxc3 19. bxc3 Qf4 20. Qe2 Rfc8 21. Nh5 Qd6 22. g3 Ne7 23. Nf4 Rxc3 24. Kg2 Qc7 25. Rh1 Ng6 26. Nd3 Rc2 27. Qe3 Rc3 28. Rad1 Rb8 29. Qg5 h6 30. Qh5 Qc4 31. Nc5 Rb2 32. g5 Qe2 33.
Qxe2 Rxe2 34. gxh6 gxh6 35. Rxh6 Rcc2 36. Kf3 Rxf2+ 37. Kg4 Rh2 38. Rh1 Rxh1 39. Rxh1 Rxa2 40. Rb1 Kg7 41. Rb7 Nf8 42. Ra7 a5 43. Kf4 Ng6+ 44.
Kg5 Ra3 45. Nxe6+ Kg8 46. Kf6 Rxg3 47. Ra8+ Kh7 48. Kxf7 Rf3+ 49. Ke8 Re3 50. Kf7 Rf3+ 51. Ke8 Re3 52. Kf7 Nh8+ 53. Kf6 Rf3+ 54. Ke7 Ng6+ 55. Ke8 1/2-1/2

[Event "*** Titled Tuesday Blitz"]
[Site "Chess.com"]
[Date "2021.03.30"]
[Round "11"]
[White "tusplingher"]
[Black "Arvids_Andrejevs"]
[Result "0-1"]
[WhiteElo "2305"]
[BlackElo "2452"]
[TimeControl "180+1"]
[EndTime "12:09:07 PDT"]
[Termination "Arvids_Andrejevs won by checkmate"]

1. e4 e5 2. Bc4 Nf6 3. d4 exd4 4. Nf3 Nc6 5. e5 d5 6. Bb5 Ne4 7. Nxd4 Bc5 8. Bxc6+ bxc6 9. O-O Ba6 10. Re1 O-O 11. Be3 Bxd4 12. Bxd4 c5 13. Be3 Re8 14. Nc3 Rxe5 15. Nxe4 dxe4 16. Qxd8+ Rxd8 17. Rad1 Red5 18. Rxd5 Rxd5 19. f3 exf3 20. Bxc5 f5 21. Bxa7 fxg2 22. Be3 Bf1 23. b3 h6 24. c4 Rd3 25. Bf4 c6 26.
Be5 g5 27. Ra1 f4 28. a4 Rxb3 29. a5 Bxc4 30. Kxg2 Bd5+ 31. Kg1 c5 32. a6 Kf7 33.
a7 Ba8 34. Bb8 Ke6 35. Re1+ Kf5 36. Re5+ Kg4 37. Rxc5 Kf3 38. Rc1 Rb2 39. Rf1+ Ke3 40. Re1+ Kf3 41. Rf1+ Kg4 42. Rf2 Rb1+ 43. Rf1 Rb3 44.
Rf2 f3 45. Rf1 h5 46. Bg3 h4 47. Bf2 Kh3 48. Kh1 g4 49. Rg1 Rb2 50. Rf1 g3 51.
Bxg3 hxg3 52. Rf2 Rb1+ 53. Rf1 Rxf1# 0-1

[Event "*** Titled Tuesday Blitz"]
[Site "Chess.com"]
[Date "2021.03.30"]
[Round "11"]
[White "igorkovalenko"]
[Black "DenLaz"]
[Result "1-0"]
[WhiteElo "2966"]
[BlackElo "2849"]
[TimeControl "180+1"]
[EndTime "12:09:08 PDT"]
[Termination "igorkovalenko won by resignation"]

1. d4 d5 2. Nf3 Nf6 3. c4 c6 4. Nc3 dxc4 5. a4 Bf5 6. Ne5 Nbd7 7. Nxc4 Nb6 8. e3 e6 9. a5 Nxc4 10. Bxc4 Bd6 11. f3 Bg6 12. e4 e5 13. dxe5 Bxe5 14.
Qxd8+ Rxd8 15. Be3 Bd4 16. Ke2 Bxe3 17. Kxe3 Ke7 18. b4 a6 19. Na4 Nd7 20. g4 f6 21.
Rhd1 h5 22. h3 hxg4 23. hxg4 Be8 24. Be2 g5 25. Rh1 Bf7 26. Rab1 Be6 27. f4 gxf4+ 28. Kxf4 Rdg8 29. Rh5 Ne5 30. Rbh1 Rxh5 31. gxh5 Rg2 32. Ke3 f5 33. h6 Ng6 34. exf5 Bxf5 35. Nc5 Bc8 36.
Bd3 Nh8 37. h7 Rg4 38. Be4 Rg5 39. Rh4 Rg1 40. Bd3 Re1+ 41. Kd2 Re5 42. Kc3 Re1 43. Re4+ Rxe4 44. Bxe4 Kd6 45. Kd4 Nf7 46. Nd3 Kc7 47. Ne5 Nh8 48. Ng6 Nf7 49. Bd3 Be6 50. Bc4 Bxc4 51. Kxc4 b6 52. Kd4 c5+ 53. bxc5 bxa5 54.
Ne5 Nh8 55. Kc4 Kd8 56. Kb3 Ke7 57. c6 Kd6 58. Ka4 Kc7 59. Kxa5 Kc8 60. Kxa6 Kb8 61. Kb6 Kc8 62. c7 1-0

[Event "*** Titled Tuesday Blitz"]
[Site "Chess.com"]
[Date "2021.03.30"]
[Round "11"]
[White "Zipa5"]
[Black "annacramling"]
[Result "0-1"]
[WhiteElo "1914"]
[BlackElo "2082"]
[TimeControl "180+1"]
[EndTime "12:09:08 PDT"]
[Termination "annacramling won on time"]

1. Nf3 c5 2. c4 Nc6 3. e3 e5 4.
Nc3 d6 5. Be2 Nf6 6. d4 cxd4 7.
exd4 e4 8. Ng5 Bf5 9. Qc2 Nxd4 10.
Qd1 Nxe2 11. Qxe2 Be7 12. Ngxe4 O-O 13. O-O Re8 14. Ng3 Be6 15. Qd3 Rc8 16. b3 Ng4 17. Bf4 Ne5 18. Qd2 a6 19. Rad1 Qc7 20. Nd5 Bxd5 21.
Qxd5 Qc5 22. Nf5 Qxd5 23. Rxd5 Rcd8 24. Nxe7+ Rxe7 25. Rfd1 f6 26. h3 Re6 27. c5 Ng6 28. Bxd6 Re2 29. R1d2 Rxd2 30. Rxd2 Ne7 31. Re2 Nc6 32.
a3 b6 33. b4 bxc5 34. bxc5 Kf7 35. Rb2 Rd7 36. Rb6 Ne5 37. Rxa6 Nc4 38. Rc6 Nxa3 39. Rc7 Ke6 40. Rxd7 Kxd7 41. Kf1 Kc6 42. Ke2 Nc4 43. Kd3 Nxd6 44. cxd6 Kxd6 0-1

[Event "*** Titled Tuesday Blitz"]
[Site "Chess.com"]
[Date "2021.03.30"]
[Round "11"]
[White "RamyresCoelho"]
[Black "rachidhuilda"]
[Result "1-0"]
[WhiteElo "2161"]
[BlackElo "2258"]
[TimeControl "180+1"]
[EndTime "12:09:09 PDT"]
[Termination "RamyresCoelho won on time"]

1. e4 c5 2. Nf3 e6 3. d4 cxd4 4. c3 d5 5. e5 d3 6. Bxd3 g6 7. Bg5 Qb6 8. Qb3 Qxb3 9. axb3 Bg7 10. O-O Nc6 11. Re1 Bd7 12. Na3 Nge7 13. Nb5 O-O 14. Nd6 Rfb8 15. Bb5 Nc8 16. Nxc8 Rxc8 17. Bxc6 Bxc6 18.
Nd4 a6 19. b4 Be8 20. f4 h6 21. Be7 Bf8 22. Bxf8 Kxf8 23. Kf2 Rc7 24. b5 Rb8 25. bxa6 bxa6 26. Re2 Rb6 27. Rd2 Rcb7 28. b4 Rc7 29. Rd3 Bb5 30. Re3 Bc4 31. Ra5 Rb8 32.
Re1 Rbc8 33. Re3 Bb5 34. Ra3 Rc4 35. g4 Kg7 36. h4 h5 37. gxh5 gxh5 38. Rg3+ Kh6 39.
f5 Rxd4 40. cxd4 Rc4 41. fxe6 fxe6 42. Raf3 Rxd4 43. Rf6+ Kh7 44. Rxe6 Rxh4 45. Re7+ Kh6 46. Reg7 Bd3 47. e6 1-0

[Event "*** Titled Tuesday Blitz"]
[Site "Chess.com"]
[Date "2021.03.30"]
[Round "11"]
[White "SaraciNderim"]
[Black "Beca95"]
[Result "0-1"]
[WhiteElo "2824"]
[BlackElo "2916"]
[TimeControl "180+1"]
[EndTime "12:09:10 PDT"]
[Termination "Beca95 won by resignation"]

1. d4 Nf6 2. Nf3 e6 3. c4 c5 4.
Nc3 cxd4 5. Nxd4 Nc6 6. g3 Qb6 7. e3 d5 8. cxd5 Nxd4 9. Qxd4 Qxd4 10. exd4 Nxd5 11. Nxd5 exd5 12. Bb5+ Bd7 13. Bxd7+ Kxd7 14. Ke2 Bd6 15. Bd2 Rhe8+ 16. Kd3 Re6 17. Rae1 Rf6 18.
Rhf1 h5 19. f3 Rc8 20. Rc1 Rh8 21. Bg5 Re6 22. Rf2 h4 23. Bxh4 f6 24. f4 Rhe8 25. Rcf1 Re3+ 26. Kc2 R8e4 27. Rd1 b5 28. a3 a5 29. Rd3 Re1 30. g4 R1e2+ 31. Rxe2 Rxe2+ 32. Rd2 Re4 33. g5 Bxf4 34. Rg2 f5 35. g6 Bh6 36. Bg5 Bxg5 37. Rxg5 Ke6 38. Rh5 Rxd4 39. Rh8 Kf6 40. Rb8 b4 41. a4 Rh4 42. Rb6+ Kg5 43.
Rb5 Rxh2+ 44. Kb3 Rd2 45. Rxa5 f4 46. Ra7 Kxg6 47. Ra8 Kf7 48. Ra7+ Kf6 49. Ra8 Kg5 50. a5 Rd1 51. Kxb4 Ra1 52. Rf8 d4 53. Kc4 Rxa5 54. Kxd4 Rf5 55. Rg8 g6 56. Rc8 f3 57. Rc1 f2 58. Rf1 Kg4 0-1

[Event "*** Titled Tuesday Blitz"]
[Site "Chess.com"]
[Date "2021.03.30"]
[Round "11"]
[White "Nozdrachev_Leonid"]
[Black "Tactictic"]
[Result "0-1"]
[WhiteElo "2527"]
[BlackElo "2425"]
[TimeControl "180+1"]
[EndTime "12:09:10 PDT"]
[Termination "Tactictic won by resignation"]

1. e4 c5 2. c3 Nf6 3. e5 Nd5 4. d4 Nc6 5. Nf3 cxd4 6. cxd4 d6 7. Bd3 g6 8. h3 Bg7 9. Qe2 Ndb4 10. Bb5 O-O 11. a3 Qa5 12. Nc3 a6 13. Bc4 Bf5 14.
O-O Nc2 15. Ra2 N2xd4 16. Nxd4 Nxd4 17. Qd1 Bxe5 18. Nd5 Rfe8 19. b4 Qd8 20. Bg5 Rc8 21.
Bd3 f6 22. Be3 Bxd3 23. Qxd3 Nb5 24. Bb6 Qd7 25. a4 Nc3 26. Rc2 Nxd5 27. Qxd5+ e6 28. Qd3 Rxc2 29. Qxc2 Rc8 30. Qa2 d5 31. f4 Bc7 32.
Bd4 Kf7 33. Qf2 Qd8 34. Qh4 Kg7 35. Kh1 e5 36. Ba1 exf4 37. Rd1 Be5 38. Qg4 Bxa1 39. Rxa1 Rc4 40. Rd1 f5 41. Qe2 Qc7 42. h4 d4 43.
Qe6 Rc1 44. Rxc1 Qxc1+ 45. Kh2 Qc7 46. h5 f3+ 47. Kh3 fxg2 48. Kxg2 Qc2+ 49. Kf1 Qd3+ 50. Kf2 Qe3+ 51. Qxe3 dxe3+ 52. Kxe3 gxh5 53. Kd4 h4 54. Kc5 h3 55. Kb6 h2 56. Kxb7 h1=Q+ 57. Kxa6 Qc6+ 58. Ka5 f4 59. b5 Qb7 60. Kb4 f3 61. a5 f2 62. a6 Qb6 63. Kc4 f1=Q+ 64. Kc3 Qfxb5 65. a7 Qb4+ 0-1

[Event "*** Titled Tuesday Blitz"]
[Site "Chess.com"]
[Date "2021.03.30"]
[Round "11"]
[White "Firouzja2003"]
[Black "Srinavasan"]
[Result "1-0"]
[WhiteElo "3118"]
[BlackElo "2985"]
[TimeControl "180+1"]
[EndTime "12:09:11 PDT"]
[Termination "Firouzja2003 won by resignation"]

1. d4 Nf6 2. Bg5 d5 3. e3 g6 4. Bxf6 exf6 5. c4 dxc4 6. Bxc4 Bd6 7. Nc3 c6 8. Nf3 Qe7 9. O-O O-O 10. Re1 Nd7 11. e4 Nb6 12. Bb3 Bg4 13. h3 Bxf3 14. Qxf3 Rad8 15. Rad1 Kg7 16. a3 Bb8 17. g3 c5 18. d5 c4 19. Bc2 a6 20. Kg2 Nd7 21.
Qe3 Qc5 22. Qxc5 Nxc5 23. a4 Rd6 24. Rd4 Rb6 25. Rxc4 Nd7 26. Rb1 Bd6 27. f4 Rb4 28.
Rxb4 Bxb4 29. Na2 Bd6 30. b4 Rc8 31. Bd3 Nb6 32. a5 Nc4 33. Kf2 Na3 34. Rb3 Nc2 35.
Rb2 Na3 36. Ke3 g5 37. h4 h6 38. h5 Kf8 39. Rf2 Kg7 40. Kd2 Rc7 41. Ke3 Rc8 42.
Kf3 Rb8 43. Re2 b6 44. e5 fxe5 45. fxe5 Bf8 46. axb6 Rxb6 47. d6 Rb8 48. Bxa6 f6 49. d7 fxe5 50. Rxe5 Bd6 51. Re8 1-0

[Event "*** Titled Tuesday Blitz"]
[Site "Chess.com"]
[Date "2021.03.30"]
[Round "11"]
[White "anon481216"]
[Black "GelmanAlexander"]
[Result "0-1"]
[WhiteElo "2523"]
[BlackElo "2654"]
[TimeControl "180+1"]
[EndTime "12:09:12 PDT"]
[Termination "GelmanAlexander won on time"]

1. d4 Nf6 2. c4 c5 3. d5 b5 4. cxb5 a6 5. bxa6 e6 6. Nc3 exd5 7. Nxd5 Nxa6 8. Nf3 Nxd5 9. Qxd5 Nc7 10. Qd1 d5 11. g3 g6 12. Bf4 Bg7 13. Qd2 O-O 14.
Bg2 Ne6 15. Bh6 Bxh6 16. Qxh6 Ba6 17. Qd2 Qb6 18. O-O Rad8 19. b3 Rfe8 20. Rfd1 d4 21. Ne5 Kg7 22. Nc4 Qc7 23. a4 Bb7 24. Bxb7 Qxb7 25.
Qd3 Ng5 26. f3 h5 27. h4 Nh7 28. a5 Nf6 29. a6 Qc6 30. a7 Nd5 31. Ra5 Ra8 32.
Rda1 Nc3 33. e4 f5 34. e5 f4 35. gxf4 Rf8 36. Ra6 Qe8 37. Kh2 Rxf4 38. Kg3 Rf5 39. Nd6 Qxe5+ 40. Kg2 Rf4 41. Nc4 Qe8 42. Kg3 Rf7 43.
f4 Rf8 44. Qf3 Qf7 45. f5 d3 46. f6+ Kh7 47. Qxd3 Qc7+ 48. Kh3 Ne2 0-1

[Event "*** Titled Tuesday Blitz"]
[Site "Chess.com"]
[Date "2021.03.30"]
[Round "11"]
[White "ymoy"]
[Black "SilviusTiberius"]
[Result "1-0"]
[WhiteElo "2717"]
[BlackElo "2559"]
[TimeControl "180+1"]
[EndTime "12:09:13 PDT"]
[Termination "ymoy won by resignation"]

1. e4 e5 2. Nf3 Nc6 3. d4 exd4 4. Bc4 Nf6 5. e5 d5 6. Bb5 Ne4 7. Nxd4 Bc5 8. O-O O-O 9. Nxc6 bxc6 10. Bxc6 Ba6 11.
Qxd5 Bxf1 12. Qxe4 Ba6 13. Nc3 Rb8 14. a3 Qd4 15. Qe1 Rfd8 16. Bg5 Rf8 17. b4 Qg4 18. Qd2 Bd4 19. h3 Bxc3 20. hxg4 Bxd2 21. Bxd2 Bb7 22. Ba4 Rbd8 23. Be3 Rd5 24. f4 g5 25. Bb3 Rdd8 26. f5 Rfe8 27. e6 fxe6 28. fxe6 Kg7 29. Rf1 Bd5 30. Bxg5 Rd6 31. Bf4 Bxb3 32. Bxd6 Bxc2 33. Rf7+ Kg6 34. Be7 Bb3 35. Kh2 Bd5 36. Kg3 c6 37. g5 Ra8 38. Rf6+ Kg7 39. Bc5 a5 40. e7 Bf7 41. Bd4 Kg8 42. Rxc6 axb4 43. axb4 Ra3+ 44. Kh4 Be8 45. Rf6 Bf7 46. g3 Ra8 47. Bc5 Ra4 48. g4 Ra3 49. g6 hxg6 50. Kg5 Ra6 51. Rxa6 Be6 52. Ra8+ Kf7 53. e8=Q+ Kg7 54. Qh8+ 1-0

[Event "*** Titled Tuesday Blitz"]
[Site "Chess.com"]
[Date "2021.03.30"]
[Round "11"]
[White "Goryachkina"]
[Black "ehrenfeld"]
[Result "1/2-1/2"]
[WhiteElo "2634"]
[BlackElo "2516"]
[TimeControl "180+1"]
[EndTime "12:09:14 PDT"]
[Termination "Game drawn by repetition"]

1. e4 e5 2. Nf3 Nc6 3. Nc3 Nf6 4.
h3 Bb4 5. Nd5 Bc5 6. d3 Nxd5 7.
exd5 Nd4 8. Nxd4 Bxd4 9. c3 Bb6 10. Be2 O-O 11. O-O d6 12. Kh1 Qh4 13. Be3 f5 14.
Bxb6 axb6 15. d4 f4 16. Bg4 e4 17. Bxc8 Raxc8 18. Qg4 Qf6 19. Rae1 Rce8 20. Re2 Re7 21. Rfe1 Rfe8 22. g3 e3 23. fxe3 f3 24. Rf2 Rxe3 25. Rxe3 Rxe3 26. Qc8+ Kf7 27. Qxc7+ Kg6 28. Qc8 Qf5 29.
Qxf5+ Kxf5 30. Kg1 Ke4 31. Kf1 b5 32. h4 h5 33. Rd2 Kxd5 34. Kf2 Ke4 35. d5 Re2+ 36. Rxe2+ fxe2 37. Kxe2 g6 38. b3 Kxd5 39. Kf3 Kc5 40. Kf4 b4 41. c4 b5 42. cxb5 Kxb5 43. Kg5 d5 44. g4 d4 45. gxh5 gxh5 46. Kf4 Kc5 47.
Ke4 d3 48. Kxd3 Kd5 49. Ke3 Ke5 50. Kd3 Kd5 51. Ke3 Ke5 52. Kd3 Kd5 1/2-1/2

[Event "*** Titled Tuesday Blitz"]
[Site "Chess.com"]
[Date "2021.03.30"]
[Round "11"]
[White "deribas12345"]
[Black "Reader777"]
[Result "1/2-1/2"]
[WhiteElo "2614"]
[BlackElo "2722"]
[TimeControl "180+1"]
[EndTime "12:09:16 PDT"]
[Termination "Game drawn - insufficient material"]

1. d4 Nf6 2. c4 e6 3. Nc3 Bb4 4. f3 c5 5. a3 Ba5 6. e3 O-O 7. Bd3 Nc6 8. Ne2 d5 9. O-O cxd4 10. exd4 dxc4 11. Bxc4 Bb6 12. Na4 Bxd4+ 13. Nxd4 Qxd4+ 14. Qxd4 Nxd4 15. Bf4 b5 16. Rad1 bxc4 17. Rxd4 Nd5 18.
Nc5 Nxf4 19. Rxf4 Rb8 20. Rf2 c3 21. bxc3 Rd8 22. Rd4 Rxd4 23. cxd4 Kf8 24. Rc2 Ke7 25. Kf2 h5 26. Nd3 Ba6 27. Nb4 Rc8 28. Rc5 Bb7 29.
Rxh5 f5 30. d5 a5 31. Nc6+ Bxc6 32. dxc6 Rxc6 33. Rh4 Rc2+ 34. Kg3 Kd6 35. Ra4 Rc5 36. h3 e5 37. h4 g6 38. h5 gxh5 39. Kh4 Kd5 40.
Kxh5 e4 41. fxe4+ fxe4 42. Kg4 Ke5 43. g3 Rd5 44. Rc4 Rd3 45. Rc5+ Kd4 46. Rxa5 Ke3 47. Kf5 Kf3 48. g4 e3 49. Re5 Rxa3 50. g5 e2 51. Rxe2 Kxe2 52. g6 Kf3 53. g7 Ra5+ 54. Kf6 Ra8 55.
Kf7 Kf4 56. g8=Q Rxg8 57. Kxg8 1/2-1/2

[Event "*** Titled Tuesday Blitz"]
[Site "Chess.com"]
[Date "2021.03.30"]
[Round "11"]
[White "Zq1"]
[Black "Mili_Brizzi"]
[Result "1-0"]
[WhiteElo "2511"]
[BlackElo "2295"]
[TimeControl "180+1"]
[EndTime "12:09:16 PDT"]
[Termination "Zq1 won by checkmate"]

1. d4 d5 2. c4 c6 3. cxd5 cxd5 4. Bg5 f6 5. Bf4 Nc6 6. Nc3 e5 7. Be3 Bb4 8. Nf3 Nge7 9. a3 Ba5 10. g3 O-O 11.
dxe5 Bxc3+ 12. bxc3 fxe5 13. Bg2 Bg4 14. O-O Qc8 15. Bc5 Rd8 16. Bxe7 Nxe7 17. Nxe5 Bh3 18. Qd4 Bxg2 19. Kxg2 Qf5 20. Nf3 b6 21. c4 Rac8 22.
cxd5 Rxd5 23. Qe3 Qd7 24. Rac1 Re8 25. Qb3 Kh8 26. Rfd1 h6 27. Rxd5 Qxd5 28. Qxd5 Nxd5 29. e3 Nf6 30. Nd4 Ne4 31. Rc7 a6 32. Rc6 Rb8 33.
Nf5 Rf8 34. g4 g6 35. Nxh6 Rxf2+ 36. Kg1 Ra2 37. Rxg6 Kh7 38. Rxb6 Rxa3 39. h4 Rxe3 40. Kg2 Rg3+ 41. Kh2 Rf3 42. g5 Rf2+ 43. Kh3 Rf4 44. Rxa6 Nd2 45. Ng4 Rf3+ 46. Kg2 Rf4 47. Kg3 Rf3+ 48.
Kg2 Rf4 49. Nf6+ Kh8 50. Kg3 Rf3+ 51. Kg4 Rf1 52. Kh5 Nf3 53. Kh6 Ne5 54. Ra8# 1-0

[Event "*** Titled Tuesday Blitz"]
[Site "Chess.com"]
[Date "2021.03.30"]
[Round "11"]
[White "DonBroca"]
[Black "AthanasiusLefebvre"]
[Result "1/2-1/2"]
[WhiteElo "2220"]
[BlackElo "2030"]
[TimeControl "180+1"]
[EndTime "12:09:20 PDT"]
[Termination "Game drawn - insufficient material"]

1. e4 e6 2. d4 c5 3. d5 exd5 4. exd5 d6 5. c4 Nf6 6. Nf3 g6 7. Bd3 Bg7 8. O-O O-O 9. Nc3 Re8 10. Bg5 Na6 11. a3 Bg4 12. h3 Bd7 13. Qd2 Nc7 14.
Qf4 Nh5 15. Qxd6 f6 16. Bh4 g5 17. Bg3 Nxg3 18. Qxg3 Rb8 19. Rfe1 b5 20. Rxe8+ Bxe8 21. cxb5 Nxb5 22. Nd2 Nd4 23. Nc4 h6 24. Re1 f5 25.
Qe3 Bf7 26. Qe7 Bxd5 27. Qxd8+ Rxd8 28. Nxd5 Rxd5 29. Ne3 Re5 30. Rc1 f4 31. Ng4 Ne2+ 32. Bxe2 Rxe2 33. Rxc5 Rxb2 34. Rc8+ Kh7 35. Rc7 Kg6 36. Rxa7 Ra2 37. Ra6+ Kh7 38. Nf6+ Kh8 39. Ne8 Bd4 40. Nf6 Rxf2 41. Kh2 f3 42. Rd6 Rxg2+ 43.
Kh1 Rg1+ 44. Kh2 Rg2+ 45. Kh1 Rg1+ 46. Kh2 Be5+ 47. Kxg1 Bxd6 48. Ng4 Bxa3 49. Nxh6 Kg7 50. Ng4 Kg6 51. Kf2 Kf5 52. Kxf3 Bd6 53. Ne3+ Ke5 54. Ng4+ Kd4 55. Nf6 Bf4 56. Ne4 Ke5 57. Nxg5 Kf5 58. Nf7 Kf6 59. Nd8 Kf5 60. Nc6 Bd6 61. Nd4+ Kg5 62.
Ne2 Kh4 63. Ng1 Bc5 64. Ne2 Kxh3 1/2-1/2

[Event "*** Titled Tuesday Blitz"]
[Site "Chess.com"]
[Date "2021.03.30"]
[Round "11"]
[White "andy_rekt"]
[Black "geordie_derraugh"]
[Result "0-1"]
[WhiteElo "2289"]
[BlackElo "2444"]
[TimeControl "180+1"]
[EndTime "12:09:22 PDT"]
[Termination "geordie_derraugh won on time"]

1. d4 Nf6 2. c4 e6 3. Nc3 Bb4 4.
e3 O-O 5. Ne2 Re8 6. a3 Bf8 7.
d5 a5 8. g3 Na6 9. Bg2 Nc5 10. b3 d6 11. O-O a4 12. b4 Nb3 13.
Rb1 exd5 14. cxd5 Bf5 15. Rb2 Qd7 16. Nd4 Bg4 17. f3 Nxc1 18. fxg4 Nb3 19. Nxb3 axb3 20. g5 Rxe3 21. gxf6 Rxc3 22. fxg7 Bxg7 23. Rxb3 Rxa3 24. Rxa3 Rxa3 25. Qh5 Ra1 26. Be4 Rxf1+ 27. Kxf1 Qb5+ 28. Kg2 Qxb4 29. Bxh7+ Kf8 30. Qg5 Qb2+ 31. Kh3 Qf6 32. Qxf6 Bxf6 33. Bf5 c5 34. Bd3 Bd4 35. Kg4 Kg7 36.
Kf5 Be5 37. Bb5 Kf8 38. Kg4 Ke7 39. h4 Kf6 40. Kf3 Bb2 41. Ke4 Bc3 42. g4 Be1 43. h5 Kg5 44. Be2 b5 45. Bxb5 Kxg4 46. h6 f5+ 47. Ke3 Bc3 48. Bd7 Kg5 49. h7 Be5 50.
Be8 Kh6 51. Bd7 f4+ 52. Ke4 Kxh7 53. Bf5+ Kg7 54. Kf3 Kf6 55. Bd3 Kg5 56. Bc4 Bd4 57. Bd3 Be3 58. Bc4 Kf5 0-1

[Event "*** Titled Tuesday Blitz"]
[Site "Chess.com"]
[Date "2021.03.30"]
[Round "11"]
[White "MaxLeto"]
[Black "HrvojeZagreb"]
[Result "0-1"]
[WhiteElo "2336"]
[BlackElo "2248"]
[TimeControl "180+1"]
[EndTime "12:09:22 PDT"]
[Termination "HrvojeZagreb won by resignation"]

1. g4 h5 2. gxh5 Nf6 3. Bg2 Nxh5 4. d4 d5 5. c4 e6 6. Nc3 c6 7. e4 dxc4 8. Be3 Bd6 9. Nge2 b5 10. e5 Bb4 11.
Qc2 Bb7 12. O-O-O Qe7 13. Rhg1 Na6 14. Bf3 g6 15. Ne4 Qd7 16. Bxh5 Be7 17. Bf3 Nb4 18. Qb1 Rxh2 19. Nf4 Nd5 20. Bd2 b4 21. Qc2 c3 22. bxc3 bxc3 23. Nxc3 Rxf2 24. Rgf1 Ba3+ 25. Kb1 Rxf1 26. Rxf1 Ba6 27. Ncxd5 cxd5 28. Be2 Rb8+ 29. Ka1 Bxe2 30. Nxe2 Bb2+ 31. Qxb2 Rxb2 32. Kxb2 Qb5+ 33. Kc2 Qxe2 34. Rb1 Qc4+ 35. Bc3 Qxa2+ 36. Rb2 Qa4+ 37. Kd2 Kf8 38. Bb4+ Kg7 39. Be7 Qxd4+ 40. Kc2 Qxe5 41. Rb3 Qe2+ 42. Kc3 Qf3+ 43. Kb2 Qe2+ 44. Ka3 d4 45. Kb4 Qa6 46. Bc5 Qb7+ 47. Kc4 Qd5+ 48. Kb4 a5+ 49. Ka4 Qxc5 50. Rb5 Qb4+ 51. Rxb4 axb4 52. Kb3 e5 53. Kc4 f5 54. Kd3 Kf6 0-1

[Event "*** Titled Tuesday Blitz"]
[Site "Chess.com"]
[Date "2021.03.30"]
[Round "11"]
[White "tptagain"]
[Black "ChristopherYoo"]
[Result "1-0"]
[WhiteElo "2837"]
[BlackElo "2903"]
[TimeControl "180+1"]
[EndTime "12:09:26 PDT"]
[Termination "tptagain won by checkmate"]

1. Nf3 Nf6 2. b3 e6 3. Bb2 b6 4. d3 Bb7 5. e4 d6 6. g3 Nbd7 7.
Bg2 Be7 8. O-O O-O 9. c4 c5 10. Nc3 a6 11. Ne1 Qc7 12. f4 Bc6 13. g4 h6 14. Nc2 b5 15. h4 Nh7 16. g5 hxg5 17. hxg5 b4 18. Nd5 exd5 19. exd5 Bb7 20. Qh5 Rfe8 21.
Be4 Ndf8 22. Bxh7+ Nxh7 23. Rf2 Bc8 24. g6 fxg6 25. Qxg6 Bf8 26. Qxe8 Rb8 27. Qg6 Bd7 28. Re1 Qd8 29. Rh2 Nf6 30. Bxf6 Qxf6 31. Qxf6 gxf6 32. Kf2 Bg7 33. Ne3 f5 34. Rg1 Re8 35. Rhg2 Re7 36. Rg6 Kf8 37. Rxd6 Bd4 38. Rg3 Rh7 39. Kf3 a5 40.
Rxd7 Rxd7 41. Nxf5 Bc3 42. d6 Kf7 43. Ke4 Ke6 44. Rg6+ Bf6 45. Rh6 a4 46. bxa4 Ra7 47. d4 Rxa4 48. d5+ Kf7 49. d7 Ra8 50. Nd6+ Kg7 51.
Ne8+ Kxh6 52. Nxf6 Kg7 53. Ke5 Kf7 54. Ne4 Ke7 55.
Nxc5 Rxa2 56. d6+ Kd8 57. Kd5 Ra5 58. f5 b3 59. f6 Ra1 60. Kc6 Ra6+ 61. Nxa6 b2 62.
Nc5 b1=Q 63. Ne6# 1-0

[Event "*** Titled Tuesday Blitz"]
[Site "Chess.com"]
[Date "2021.03.30"]
[Round "11"]
[White "ahmad_alkhatib11"]
[Black "LEGENYA1998"]
[Result "1-0"]
[WhiteElo "2218"]
[BlackElo "2204"]
[TimeControl "180+1"]
[EndTime "12:09:26 PDT"]
[Termination "ahmad_alkhatib11 won by resignation"]

1. Nf3 g6 2. d4 Bg7 3. Nc3 d5 4.
Bg5 c6 5. e4 dxe4 6. Nxe4 h6 7.
Bh4 Qd5 8. Bd3 Bf5 9. Qe2 Nd7 10. O-O Bg4 11. c4 Qh5 12. Bg3 O-O-O 13. Qe3 Bxf3 14. gxf3 Ngf6 15. d5 Nb6 16. dxc6 bxc6 17. a4 Nxe4 18. Bxe4 Bd4 19. Qf4 e5 20. Qxf7 Rd7 21. Qxg6 Qxg6 22. Bxg6 Rf8 23. a5 Nxc4 24. Rac1 Nxa5 25. b4 Nb3 26.
Rxc6+ Kb7 27. Be4 Kb8 28. Rxh6 Nd2 29. Re1 Nxe4 30. Rxe4 Rxf3 31. Re6 Rdf7 32. Re2 Kb7 33. Kg2 Rb3 34. h4 Rxb4 35. h5 Rh7 36. h6 Rb6 37. Rxb6+ axb6 38. f4 exf4 39. Bxf4 b5 40. Kf3 Kc6 41. Rg2 Kd5 42. Rg5+ Kc4 43. Rg6 b4 44. Re6 b3 45. Ke4 Rb7 46. Rc6+ Kb5 47. Rc1 b2 48. Rb1 Bc3 49. Kd3 Kb4 50. Bd2 Bxd2 51. Rxb2+ Kc5 52.
Rxb7 Bxh6 53. Rh7 Bf4 54. Ke4 Bd2 55. Kf5 Bc3 56. Rh5 Bd4 57. Ke4+ Kc4 58. Rf5 Bc5 59.
Rf7 Bb4 60. Rd7 Bc5 61. Rd8 Bb4 62. Rc8+ Bc5 63. Ke5 Kb5 64. Kd5 Be3 65. Rb8+ Bb6 66. Kd6 Ka6 67. Kc6 Bd4 68. Ra8+ Ba7 69. Kc7 Kb5 70.
Rxa7 1-0